Cogmind - Beta 15 @@@ ROGUE MODE // 2025.08.20 @ 19:43:50 Player: beans Result: Destroyed by G-47 Trooper with Particle Gun Performance ------------- Evolutions (2) 1000 Regions Visited (6) 1200 Robots Destroyed (50) 250 Value Destroyed (821) 821 Prototype IDs (2) 40 Alien Tech Used (0) 0 Bonus (1202) 1202 TOTAL SCORE: 4513 Bonus ------- Follower Combat Kills 7 Entered Garrisons 200 Used RIF Installer 1000 Friendly Fire -5 Cogmind --------- Core Integrity 0/550 Matter 244/300 Energy 87/100 System Corruption 2% Temperature Cool (9) Movement Core (50) Location -8/Materials Parts ------- > --- POWER (1) -------- (None) > --- PROPULSION (4) --- (None) > --- UTILITY (4) ------ Improved Signal Interpreter Improved Targeting Computer Improved Targeting Computer Improved Targeting Computer > --- WEAPON (2) ------- High-powered Shotgun > --- INVENTORY (5) ---- High-capacity Storage Unit Medium Matter Pod (100) Trap Scanner Peak State ------------ > --- POWER ------------ Light Deuterium Engine > --- PROPULSION ------- Armored Treads Armored Treads > --- UTILITY ---------- High-capacity Storage Unit Experimental Sensor Array Improved Signal Interpreter Particle Charger > --- WEAPON ----------- Medium Laser Beam Rifle > --- INVENTORY -------- Medium Matter Pod Trap Scanner Advanced EMP Blaster [Rating: 28] Favorites ----------- Power Nuclear Core Engine Light Deuterium Engine Power Core Nuclear Core Propulsion Armored Treads Treads Armored Treads Leg Aluminum Leg Flight Unit Flight Unit Utility Experimental Sensor Array Device Experimental Sensor Array Storage High-capacity Storage Unit Processor Improved Signal Interpreter Protection Improved Weapon Shielding Weapon Beam Cannon Energy Gun Shock Rifle Energy Cannon Beam Cannon Ballistic Gun Light Assault Rifle Launcher Rocket Launcher Build | -11 -10 -10 -9 -8 -8 -8 ------- Run | Yrd Mat Min Mat Mat Gar Mat Slots Evolved 4 | . . . 2 2 . . Power . | . . . . . . . Propulsion 2 | . . . . 2 . . Utility 2 | . . . 2 . . . Weapon . | . . . . . . . Parts Attached 32 | 4 1 6 11 2 4 4 Power 3 | . . 1 2 . . . Engine 2 | . . . 2 . . . Core 1 | . . 1 . . . . Reactor . | . . . . . . . Propulsion 7 | 2 . 1 2 . 2 . Treads 3 | . . 1 2 . . . Leg 2 | 2 . . . . . . Wheel . | . . . . . . . Hover . | . . . . . . . Flight 2 | . . . . . 2 . Utility 12 | . . 3 4 2 . 3 Device 5 | . . 3 2 . . . Storage 1 | . . . 1 . . . Processor 5 | . . . 1 1 . 3 Hackware . | . . . . . . . Protection 1 | . . . . 1 . . Artifact . | . . . . . . . Weapon 10 | 2 1 1 3 . 2 1 Energy Gun 4 | 2 . 1 1 . . . Energy Cannon 1 | . 1 . . . . . Ballistic Gun 3 | . . . . . 2 1 Ballistic Cannon . | . . . . . . . Launcher 2 | . . . 2 . . . Special Weapon . | . . . . . . . Impact Weapon . | . . . . . . . Slashing Weapon . | . . . . . . . Piercing Weapon . | . . . . . . . Special Melee Weapon . | . . . . . . . Unidentified Prototypes 2 | . . 1 1 . . . Parts Lost 20 | . . . 8 . 12 . Power 3 | . . . 2 . 1 . Propulsion 5 | . . . 1 . 4 . Utility 6 | . . . 4 . 2 . Weapon 6 | . . . 1 . 5 . Highest Loss Streak 9 | . . . 3 . 9 . To Critical Strikes . | . . . . . . . Average Backups 3 | . . 3 4 4 3 3 Power . | . . . . . . . Propulsion . | . . . . . . . Utility 2 | . . 2 2 2 2 3 Weapon 1 | . . 1 1 2 1 . Tool/Special . | . . . . . . . Unused Backups 2 | . . . 1 . . 1 Power . | . . . . . . . Propulsion 1 | . . . 1 . . . Utility 1 | . . . . . . 1 Weapon . | . . . . . . . Tool/Special . | . . . . . . . Average Slot Usage (%) 70 | . 57 83 64 68 69 18 Engine 3 | . . . 4 9 6 . Core 6 | . . 13 4 . . . Treads 12 | . . 13 12 18 15 . Leg 2 | . 28 1 . . . . Device 15 | . . 26 17 . . . Storage 2 | . . . 3 9 8 . Processor 4 | . . . 3 11 17 16 Protection 1 | . . . . 3 6 . Energy Gun 11 | . 17 14 10 9 5 . Energy Cannon 7 | . 10 14 5 . . . Launcher 2 | . . . 3 9 8 . Peak Build Rating 28 | 4 4 23 28 23 25 12 Average Rating 18 | 2 4 19 20 19 20 5 On Entrance 10 | . 4 4 23 17 23 3 Naked Turns . | . . . . . . . Heaviest Build 57 | 4 5 22 54 53 57 3 Greatest Support 40 | 20 20 20 40 40 40 3 Greatest Overweight (x) 13 | . . 1 4 1 13 . Average Overweight (x) . | . . . . 1 . . Largest Inventory Capacity 20 | 5 5 5 20 20 20 5 Average Capacity 9 | 5 5 5 9 20 18 5 Most Carried 5 | 4 1 5 5 5 4 5 Average Carried 3 | . . 3 4 4 3 3 Final Capacity 20 | 5 5 5 20 20 5 5 Final Carried 5 | . 1 5 4 4 3 3 Class Distribution -------------------- 100% | Mutant Dominant Class ---------------- Mutant | -10/Materials Mutant | -10/Mines Mutant | -9/Materials Mutant | -8/Materials Mutant | -8/Garrison Mutant | -8/Materials Resources | -11 -10 -10 -9 -8 -8 -8 ----------- Run | Yrd Mat Min Mat Mat Gar Mat Matter Collected 876 | 198 . 208 277 25 100 68 Remotely . | . . . . . . . Salvage Created 1340 | . . 182 926 56 127 49 Parts 115 | . . 13 76 3 19 4 Haulers Intercepted 3 | . . . 1 1 . 1 Recyclers Shooed 4 | . . 1 3 . . . Parts Field Recycled . | . . . . . . . Retrieved Matter . | . . . . . . . Parts Self-Destructed . | . . . . . . . Prevented . | . . . . . . . Kills | -11 -10 -10 -9 -8 -8 -8 ------- Run | Yrd Mat Min Mat Mat Gar Mat Combat Hostiles Destroyed 27 | . . . 17 . 10 . Guns 8 | . . . 7 . 1 . Cannons 6 | . . . 6 . . . AOE 13 | . . . 4 . 9 . Classes Destroyed 13 | . . 4 9 . . . Worker 5 | . . 2 3 . . . Builder 7 | . . 2 5 . . . Tunneler 1 | . . 1 . . . . Hauler 3 | . . . 1 1 . 1 Recycler 2 | . . 1 1 . . . Mechanic 2 | . . . 2 . . . Operator 2 | . . . 1 1 . . Watcher 1 | . . . 1 . . . Swarmer 16 | . . . 7 . 9 . Grunt 4 | . . . 4 . . . Brawler 1 | . . . 1 . . . Duelist 1 | . . . 1 . . . Sentry 5 | . . . 4 . 1 . Best Kill Streak 5 | . . 1 5 1 4 1 Combat Bots Only 5 | . . . 5 . 4 . Max Kills in Single Turn 4 | . . 1 2 1 4 1 Gunslinging . | . . . . . . . Exploded 4 | . . . 2 . 4 . Melee . | . . . . . . . Uniques/NPCs Destroyed . | . . . . . . . Combat | -11 -10 -10 -9 -8 -8 -8 -------- Run | Yrd Mat Min Mat Mat Gar Mat Hostile Shots Fired 254 | . . 3 88 . 160 3 Missed 67 | . . . 18 . 48 1 Hits 187 | . . 3 70 . 112 2 Melee 1 | . . . 1 . . . Projectile 186 | . . 3 69 . 112 2 AOE 3 | . . 3 . . . . Critical Strikes 4 | . . . 2 . 2 . Damage Taken 2779 | . 15 116 1057 39 1523 29 Core 859 | . 3 12 281 . 534 29 Absorbed by Shields 69 | . . . . . 69 . Redirected to Shielding 53 | . . . . . 53 . Core Remaining (%) 74 | 100 . 94 29 . . . Volleys Fired 138 | . 9 20 79 2 24 4 Largest 2 | . 2 2 2 1 2 1 Hottest 110 | . 100 110 110 33 56 25 Shots Fired 205 | . 18 40 115 2 26 4 Gun 120 | . 9 20 75 . 12 4 Cannon 54 | . 9 20 25 . . . Launcher 31 | . . . 15 2 14 . Special . | . . . . . . . Kinetic 6 | . . . . . 2 4 Thermal 123 | . 9 20 84 . 10 . Explosive 9 | . . . 1 2 6 . Electromagnetic 67 | . 9 20 30 . 8 . Robot Hit Streak 7 | . . 3 7 . 5 3 Robot Miss Streak 5 | . . 2 5 . 1 2 Penetration Max . | . . . . . . . Secondary Targets 1 | . . . 1 . . . Max Gunslinging Chain 1 | . . . 1 . . . Shots Hit Robots 84 | . . 10 61 . 10 3 Core Hits 62 | . . 7 39 2 13 1 Critical Kills . | . . . . . . . Critical Parts Destroyed . | . . . . . . . Critical Strikes 1 | . . . 1 . . . Burn 1 | . . . 1 . . . Melee Attacks . | . . . . . . . Impact . | . . . . . . . Slashing . | . . . . . . . Piercing . | . . . . . . . Sneak Attacks . | . . . . . . . Combat Hostiles . | . . . . . . . Follow-up Attacks . | . . . . . . . Damage Inflicted 2678 | . . 183 1453 91 888 63 Guns 882 | . . 128 624 . 67 63 Cannons 349 | . . 54 295 . . . Explosions 1446 | . . . 534 91 821 . Melee . | . . . . . . . Ramming 1 | . . 1 . . . . Kinetic 70 | . . . . . 7 63 Thermal 1093 | . . 54 909 . 130 . Explosive 674 | . . . 49 91 534 . Electromagnetic 840 | . . 128 495 . 217 . Impact . | . . . . . . . Slashing . | . . . . . . . Piercing . | . . . . . . . Highest Corruption 4 | . . . 4 . 2 2 Average Corruption 2 | . . . 2 . 1 2 Corruption Purged . | . . . . . . . Corruption Blocked . | . . . . . . . Effects 17 | . . . 11 . 6 . Message Errors 7 | . . . 4 . 3 . Matter Fused 2 | . . . 1 . 1 . Heat Flow Errors 1 | . . . 1 . . . Energy Discharges 3 | . . . 2 . 1 . Parts Rejected 1 | . . . 1 . . . Misfires 2 | . . . 1 . 1 . Alerts 1 | . . . 1 . . . Overload Shots . | . . . . . . . Overflow Damage 97 | . . . 37 . 60 . Projectiles . | . . . . . . . Explosions 97 | . . . 37 . 60 . Melee . | . . . . . . . Knockbacks . | . . . . . . . Impact . | . . . . . . . Kinetic . | . . . . . . . Secondary . | . . . . . . . Self-Inflicted Damage 462 | . 15 . 167 39 241 . Shots 21 | . 1 . 9 1 10 . Rammed 1 | . . 1 . . . . Targets Rammed 1 | . . 1 . . . . Kicked . | . . . . . . . Crushed . | . . . . . . . Highest Temperature 429 | . 73 270 429 . 49 . Average Temperature 75 | . 31 74 85 . 23 . Received Heat Transfer 468 | . . . 237 . 213 18 Effects 2 | . . . 2 . . . Shutdowns 1 | . . . 1 . . . Matter Decay 1 | . . . 1 . . . Siege Activations . | . . . . . . . Martial Activations . | . . . . . . . Shielding Activations . | . . . . . . . Robots Disrupted . | . . . . . . . Combat Hostiles . | . . . . . . . Robots Corrupted . | . . . . . . . Combat Hostiles . | . . . . . . . Parts Fried 3 | . . . 3 . . . Impact Corruptions . | . . . . . . . Robots Melted . | . . . . . . . Combat Hostiles . | . . . . . . . Parts Melted 4 | . . . 4 . . . Heat Transferred 2594 | . . 111 2235 . 248 . Parts Sabotaged . | . . . . . . . Parts Stolen . | . . . . . . . Parts Stripped . | . . . . . . . Power Chain Reactions 5 | . . . 4 . 1 . Alert | -11 -10 -10 -9 -8 -8 -8 ------- Run | Yrd Mat Min Mat Mat Gar Mat Maximum Alert Level 1 | . . . 1 . 1 . Low Security (%) 91 | 100 100 100 85 100 76 100 Level 1 8 | . . . 14 . 23 . Level 2 . | . . . . . . . Level 3 . | . . . . . . . Level 4 . | . . . . . . . Level 5 . | . . . . . . . High Security . | . . . . . . . Max Security . | . . . . . . . Peak Influence 285 | . 16 20 257 105 285 131 Initial 131 | . . . . 97 12 131 Average 57 | . 1 . 96 64 127 126 Influence Increases 1127 | . 16 45 649 32 378 7 Destroy 0b10 Robot/C 560 | . . . 360 . 200 . Destroy 0b10 Robot/NC 120 | . . 30 75 10 . 5 Destroy Leader 100 | . . . 86 2 10 2 Allied During Kill 1 | . . . 1 . . . Disable Machine 105 | . 15 15 60 . 15 . Destroy Structure 91 | . 1 . 37 20 33 . Lose Combat Pursuer 150 | . . . 30 . 120 . Influence Decreases 1009 | . 16 45 417 245 127 159 Entered New Map 281 | . . . . 135 7 139 Time Decay 508 | . 16 45 317 110 . 20 Lost Part 200 | . . . 80 . 120 . Lost Ally 20 | . . . 20 . . . Squads Dispatched 2 | . . . 2 . . . Investigation . | . . . . . . . Extermination . | . . . . . . . Reinforcement 2 | . . . 2 . . . Assault . | . . . . . . . Garrison . | . . . . . . . Intercept . | . . . . . . . Searches Triggered . | . . . . . . . Construction Impeded 1 | . . . 1 . . . Haulers Reinforced . | . . . . . . . Active Scanning Responses . | . . . . . . . Cargo Convoy Interrupts . | . . . . . . . Stealth | -11 -10 -10 -9 -8 -8 -8 --------- Run | Yrd Mat Min Mat Mat Gar Mat Distress Signals 6 | . . 2 3 . . 1 Communications Jammed . | . . . . . . . Distress Signals . | . . . . . . . Times Spotted 58 | . . 1 31 1 24 1 Peak Tracking Total 7 | . . 1 6 1 7 1 Tactical Retreats 3 | . . . 1 . 2 . Traps | -11 -10 -10 -9 -8 -8 -8 ------- Run | Yrd Mat Min Mat Mat Gar Mat Traps Triggered 8 | . . 1 2 . 5 . Indirectly 2 | . . . 1 . 1 . Trap Hack Attempts . | . . . . . . . Triggered . | . . . . . . . Disarmed . | . . . . . . . Reprogrammed . | . . . . . . . Reused . | . . . . . . . Traps Extracted . | . . . . . . . Installed . | . . . . . . . Triggered . | . . . . . . . Machines | -11 -10 -10 -9 -8 -8 -8 ---------- Run | Yrd Mat Min Mat Mat Gar Mat Machines Disabled 7 | . 1 1 4 . 1 . Max in Single Turn 1 | . 1 1 1 . 1 . Machines Repaired . | . . . . . . . Machines Dismantled . | . . . . . . . Machines Sabotaged . | . . . . . . . Overloaded Fab Kills . | . . . . . . . Hacking | -11 -10 -10 -9 -8 -8 -8 --------- Run | Yrd Mat Min Mat Mat Gar Mat Machines Accessed 2 | . . 1 . 1 . . Terminals . | . . . . . . . Fabricators . | . . . . . . . Repair Stations . | . . . . . . . Recycling Units . | . . . . . . . Scanalyzers . | . . . . . . . Garrison Access 1 | . . . . 1 . . Total Hacks 2 | . . 1 . 1 . . Successful 2 | . . 1 . 1 . . Failed . | . . . . . . . Catastrophic . | . . . . . . . Database Lockouts . | . . . . . . . Manual . | . . . . . . . Terminals . | . . . . . . . Fabricators . | . . . . . . . Repair Stations . | . . . . . . . Recycling Units . | . . . . . . . Scanalyzers . | . . . . . . . Garrison Access 1 | . . . . 1 . . Terminal Hacks 1 | . . 1 . . . . Open Door 1 | . . 1 . . . . Fabricator Hacks . | . . . . . . . Repair Station Hacks . | . . . . . . . Recycling Unit Hacks . | . . . . . . . Scanalyzer . | . . . . . . . Garrison Access Hacks 1 | . . . . 1 . . Unlock Access 1 | . . . . 1 . . Unauthorized Hacks . | . . . . . . . Terminals . | . . . . . . . Fabricators . | . . . . . . . Repair Stations . | . . . . . . . Recycling Units . | . . . . . . . Scanalyzers . | . . . . . . . Garrison Access . | . . . . . . . Data Cores Recovered 1 | . . . . 1 . . Used . | . . . . . . . Hacking Detections . | . . . . . . . Full Trace Events . | . . . . . . . Feedback Events . | . . . . . . . Feedback Blocked . | . . . . . . . Robot Schematics Acquired . | . . . . . . . Robots Built . | . . . . . . . Authchips . | . . . . . . . Time . | . . . . . . . Total Robot Build Rating . | . . . . . . . Part Schematics Acquired . | . . . . . . . Parts Built . | . . . . . . . Authchips . | . . . . . . . Time . | . . . . . . . Total Part Build Rating . | . . . . . . . Parts Repaired . | . . . . . . . Time . | . . . . . . . Parts Recycled . | . . . . . . . Recycled Matter . | . . . . . . . Retrieved Matter . | . . . . . . . Retrieved Components . | . . . . . . . Parts Scanalyzed . | . . . . . . . Part Schematics Acquired . | . . . . . . . Parts Damaged . | . . . . . . . Bothacking | -11 -10 -10 -9 -8 -8 -8 ------------ Run | Yrd Mat Min Mat Mat Gar Mat Used RIF Installer 2 | . . . . . 2 . Structural Interface 1 | . . . . . 1 . Robots Hacked . | . . . . . . . Non-combat . | . . . . . . . Combat . | . . . . . . . Robot Hacks Applied . | . . . . . . . Relay Couplers Released . | . . . . . . . Fabnet Peak Effective % . | . . . . . . . Robots Rewired . | . . . . . . . Allies Hacked . | . . . . . . . Hacks Repelled . | . . . . . . . Allies | -11 -10 -10 -9 -8 -8 -8 -------- Run | Yrd Mat Min Mat Mat Gar Mat Total Allies 2 | . . 2 . . . . Largest Group 2 | . . 2 2 . . . Highest-Rated Group 43 | . . 43 43 . . . Highest-Rated Ally 31 | . . 31 31 . . . Total Orders . | . . . . . . . Ally Attacks 11 | . . . 11 . . . Total Damage 167 | . . . 167 . . . Kills 2 | . . . 2 . . . Allies Corrupted . | . . . . . . . Allies Melted . | . . . . . . . Intel | -11 -10 -10 -9 -8 -8 -8 ------- Run | Yrd Mat Min Mat Mat Gar Mat Active Infowar (turns) 1793 | . . 1112 681 . . . Sensors 1476 | . . 795 681 . . . Traps 317 | . . 317 . . . . Robot Analysis Total . | . . . . . . . Derelict Logs Recovered . | . . . . . . . Drone Launches . | . . . . . . . Drone Recoveries . | . . . . . . . Exploration | -11 -10 -10 -9 -8 -8 -8 ------------- Run | Yrd Mat Min Mat Mat Gar Mat Turns Passed 3453 | 37 253 1209 1208 239 467 40 Spaces Moved 1414 | 35 187 442 423 91 188 48 Core 147 | 18 . . 63 . 18 48 Treads 991 | . . 404 360 91 136 . Legs 242 | 17 187 38 . . . . Wheels . | . . . . . . . Hover . | . . . . . . . Flight 34 | . . . . . 34 . Fastest Speed 40 | 50 120 120 50 250 40 50 Average Speed 199 | 84 120 237 211 250 195 50 Slowest Speed 700 | 120 120 250 250 250 700 50 Overloaded Moves . | . . . . . . . Propulsion Burnouts . | . . . . . . . Robots Hopped 1 | . . . . . 1 . Potential Cave-ins . | . . . . . . . Cave-ins Triggered . | . . . . . . . Exploration Rate (%) 31 | 3 30 82 42 13 40 7 Regions Visited 6 Branch Regions 1 Pre-discovered Areas . | . . . . . . . Known Exits Taken 2 | . . . 1 1 . . Unknown Exits Taken 3 | 1 1 1 . . . . Scrap Searched 1 | . . 1 . . . . Spaces Dug 19 | . . . . 17 2 . Terrain Destroyed 76 | . . . 38 17 21 . Melee . | . . . . . . . Projectile . | . . . . . . . AOE 76 | . . . 38 17 21 . Terrain Rammed . | . . . . . . . Walls Destroyed . | . . . . . . . Machines Disabled . | . . . . . . . Actions | -11 -10 -10 -9 -8 -8 -8 --------- Run | Yrd Mat Min Mat Mat Gar Mat Total 1849 | 42 197 564 624 100 263 59 Wait 193 | . . 81 96 3 12 1 Move 1406 | 34 186 441 422 91 184 48 Hop 1 | . . . . . 1 . Pick Up 31 | 4 1 11 7 2 4 2 Fast Attach 7 | . . . 5 . . 2 Attach 30 | 4 . 6 8 2 8 2 Detach 5 | . . . 2 . 3 . Swap 4 | . 1 . 2 . 1 . Drop 8 | . . 4 3 . 1 . Fire 138 | . 9 20 79 2 24 4 Melee . | . . . . . . . Ram . | . . . . . . . Kick . | . . . . . . . Crush 1 | . . 1 . . . . Escape Stasis 25 | . . . . . 25 . Rewire . | . . . . . . . Trap . | . . . . . . . Miscellaneous . | . . . . . . . Route ------- -11/Scrapyard -10/Materials -10/Mines -9/Materials (discovered 2 exits: *Mat x2) -8/Materials -8/Garrison -8/Materials History --------- Turn | Location | Event 3 | -11/Scrapyard | Discovered new exit (range 15) 38 | -11/Scrapyard | Entered Materials 280 | -10/Materials | Discovered new exit (range 9) 291 | -10/Materials | Entered Mines 302 | -10/Mines | Build established: Mutant 319 | -10/Mines | Met a Derelict who couldn't figure out how to use a Trap Extractor 630 | -10/Mines | Found DCF Scrap (13 items) 698 | -10/Mines | Found a damaged Exp. Sensor Array with a note attached 703 | -10/Mines | Found Prototype Device 705 | -10/Mines | Identified Exp. Sensor Array 862 | -10/Mines | Assembled infested the area 1439 | -10/Mines | Discovered new exit (range 13) 1500 | -10/Mines | Entered Materials 1500 | -9/Materials | Accompanied by 2 allies 1500 | -9/Materials | Evolved 2 slots: Utility x2 1505 | -9/Materials | Led the pair of lost Derelicts to an unsafe place 2014 | -9/Materials | Lost 3 parts (1p1u1w) 2029 | -9/Materials | Discovered new exit (range 8) 2327 | -9/Materials | Core integrity fell below 50% 2683 | -9/Materials | Discovered new exit (range 11) 2706 | -9/Materials | Identified exit to Materials 2708 | -9/Materials | Entered another Materials area 2708 | -8/Materials | Evolved 2 slots: Propulsion x2 2947 | -8/Materials | Identified exit to Garrison 2947 | -8/Materials | Entered Garrison 2987 | -8/Garrison | Installed Relay Interface Framework 3111 | -8/Garrison | Expanded RIF knowledge: Structural Interface 3263 | -8/Garrison | Triggered checkpoint 3304 | -8/Garrison | Triggered checkpoint 3305 | -8/Garrison | Triggered checkpoint 3374 | -8/Garrison | Core integrity fell below 50% 3401 | -8/Garrison | Discovered new exit (range 10) 3403 | -8/Garrison | Lost 9 parts (3n2u4w) 3403 | -8/Garrison | Core integrity fell below 20% 3413 | -8/Garrison | Identified exit to Materials 3414 | -8/Garrison | Entered Materials 3454 | -8/Materials | Destroyed by G-47 Trooper with Particle Gun Last Messages --------------- Drone sends a signal. Field strength at 49. Field strength at 38. H-55 Commando retrieves Drone. Field strength at 29. Penetrated by Slug. S-10 Pest destroyed. Field strength at 7. Stasis field depleted. System corrupted: Matter fused (-10). EXIT=IDENTIFIED: MATERIALS Attempting to access garrison exit controls... RIF authorized. LOCATION=MATERIALS GOAL=ESCAPE Acquired Hpw. Shotgun. Acquired 68 matter. Acquired Imp. Targeting Computer. A-02 Transporter sends out distress signal. A-02 Transporter destroyed. Map ----- +----------------------------------------------------+ | ??????????????????????????????????????????? | | ??????????????????????????????????????????? | | ??????????????????????????????????????????? | | ??????????????????????????????????????????? | | ??????????????????????????????????????????? | | ??????????????????????????????????????????? | | ??????????????????????????????????????????? | | ??????????????????????????????????????????? | | ??????????????????????????????????????????? | | ??????????????????????????????????????????? | | ??????????????????????????????????????????? | | ??????????????????????????????????????????? | | ??????????????????????????????????????????? | | ??????????????????????????????????????????? | | ?????????????????????????? ???????????????? | | ?????????????????????????? ???????????????? | | ?????????????????????????# ???????????????? | | ?????????????????????????+ #??????????????? | | ?????????????????????????# #??????????????? | | ?????????????????????????# #??????????????? | | ?????????????????????????# #?????????""???? | | ?????????????????????????# #?????????"""??? | | ?????????????????????????# #????????""""??? | | ?????????????????????????# #????????"""""?? | | ???????????????????####### ####+### """""?? | | ?????????????????### ! @ g=%=! # """"" # | | ?????????????????#"" ! ===! + # | | ?????????????????#"Y ! != # # | | ?????????????????#"" # / [# | | ?????????????????### ########? | | ???????????????????# """ """ #??????? | | ???????????????????# """ """ #??????? | | ???????????????????# """ """ #??????? | | ???????????????????# #??????? | | ???????????????????# #??????? | | ???????????????????########### ########? | | ?????????????????????????????# # #? | | ?????????????????????????????# + "" #? | | ?????????????????????????????# # """#? | | ?????????????????????????????# #% S"#? | | ?????????????????????????????# #[ = #? | | ?????????????????????????????# # #? | | ?????????????????????????????# ########? | | ?????????????????????????????# #???????? | | ?????????????????????????????# #???????? | | ?????????????????????????????######???????? | | ??????????????????????????????????????????? | | ??????????????????????????????????????????? | | ??????????????????????????????????????????? | | ??????????????????????????????????????????? | +----------------------------------------------------+ Best States ------------- Heat Dissipation 31 Energy Generation 14 Energy Capacity 250 Matter Stores 300 Matter Capacity 300 Sight Range 16 Robot Scan Range 20 Terrain Scan Density 10 Weapon Shielding 66 Evasion (%) 62 Targeting Accuracy 18 Recoil Reduction 2 Particle Charging 15 Item Schematics ----------------- None Robot Schematics ------------------ None Fabricated ------------ Nothing Repaired ---------- Nothing Alien Tech Used ----------------- None Achievements -------------- None Challenges ------------ None Game ------ Seed PhaseThermalRail Manual? 0 Play Time 00:16:29 Cumulative 97.7 hours Start 2025.08.20 @ 19:27:48 End 2025.08.20 @ 19:43:50 Sessions 1 Manual Loads 0 Difficulty Rogue Special Mode None Game No. 377 Rogue 377 Adventurer 0 Explorer 0 Win Type - Total 0 Types 0/0/0/0/0/0/0/0/0/0 Lore% 43 Gallery% 40 Achievement% 31 Wizard Run 0 Options --------- Layout 2 ASCII 0 Keyboard 0 Movement Mouse Keybinds 0 Fullscreen 2 Font 24/Smallcaps Map View 50x44 Zoom Use 0% Tactical HUD 0 Map Filters NONE Filters NONE Steam 1 RUN: 47d52d8e-70b5-49bf-8bda-3a9f22ec2f22